 Dungeon Crawl Stone Soup version 0.28.0-53-g5a82cb258f (webtiles) character file.

Game seed: 405522020645280787

45 meekasboy2 the Skirmisher (level 3, 0/34 HPs)
             Began as a Minotaur Berserker on May 31, 2022.
             Was a Believer of Trog.
             Succumbed to an adder's poison
             ... on level 2 of the Dungeon.
             The game lasted 00:06:49 (762 turns).

meekasboy2 the Skirmisher (Minotaur Berserker)       Turns: 762, Time: 00:06:49

Health: 0/34       AC:  3    Str: 23    XL:     3   Next: 42%
Magic:  2/2        EV: 12    Int:  4    God:    Trog [**....]
Gold:   35         SH:  0    Dex:  9    Spells: 2/2 levels left

rFire   . . .      SeeInvis .   a - +0 hand axe
rCold   . . .      Faith    .   (no shield)
rNeg    . . .      Spirit   .   j - +0 leather armour
rPois   .          Reflect  .   (helmet restricted)
rElec   .          Harm     .   (no cloak)
rCorr   .          Rampage  .   (no gloves)
Will    .....                   (no boots)
Stlth   +.........              (no amulet)
HPRegen 0.11/turn               (no ring)
MPRegen 0.08/turn               (no ring)

@: lethally poisoned (0 -> -1)
A: horns 2, retaliatory headbutt
a: Renounce Religion, Berserk, Trog's Hand


You were on level 2 of the Dungeon.
You worshipped Trog.
Trog was pleased with you.
You visited 1 branch of the dungeon, and saw 2 of its levels.

You collected 35 gold pieces.

Inventory:

Hand Weapons
 a - a +0 hand axe (weapon)
 d - a +1 dagger of holy wrath
Armour
 b - a +0 animal skin
 j - a +0 leather armour (worn)
Scrolls
 c - 2 scrolls of amnesia
 e - 3 scrolls of identify {unknown}
 g - a scroll of enchant armour {unknown}
Potions
 h - a potion of might {unknown}
 i - a potion of heal wounds {unknown}


   Skills:
 + Level 4.4 Fighting
 + Level 4.4 Axes
 + Level 2.6 Armour
 + Level 2.5 Dodging


You had 2 spell levels left.
You didn't know any spells.
Your spell library was empty.

Dungeon Overview and Level Annotations

Branches:
Dungeon (2/15)

Altars:


Innate Abilities, Weirdness & Mutations

You have a pair of horns on your head.
You reflexively headbutt those who attack you in melee.


Message History

The hobgoblin is severely wounded.
The hobgoblin closely misses you. The hobgoblin barely misses you.
You hit the hobgoblin but do no damage.
The hobgoblin is severely wounded.
The hobgoblin barely misses you.
You hit the hobgoblin.
You kill the hobgoblin!
Trog accepts your kill.
You closely miss the adder. You headbutt the adder.
The adder is moderately wounded.
The adder misses you. The adder bites you but does no damage.
You barely miss the adder. Your headbutt misses the adder.
The adder is moderately wounded.
The adder closely misses you.
You barely miss the adder.
The adder is moderately wounded.
The adder bites you. The adder closely misses you.
You barely miss the adder. Your headbutt misses the adder.
The adder is moderately wounded.
The adder barely misses you.
You miss the adder.
The adder is moderately wounded.
The adder bites you.
* * * LOW HITPOINT WARNING * * *
You are poisoned.
The adder poisons you! The adder misses you.
You feel sick.
You feel sick.
You feel sick. The adder barely misses you.
You hit the adder.
The adder is heavily wounded.
You feel sick. The adder bites you.
* * * LOW HITPOINT WARNING * * *
You hit the adder.
The adder is almost dead.
* * * LOW HITPOINT WARNING * * *
You feel sick. The adder bites you but does no damage.
You miss the adder.
The adder is almost dead.
You die...

#...# #...# #...#
#######...######## # .
........†........# .##.
†................####....
†........).....†.#... [#
#######..<######.#.##..#...
#...# #@S..)...... #...#
###.##.##### #...#
#.##..... #...# ##.##.....
..... ##...#.# ### ##
#.....# ##...<..#### .# .##
#..........# .##
.......#......##.##.# ..#
#..###........##.....


You could see an adder.

Vanquished Creatures
  An adder (D:2)
  A worm (D:2)
  3 bats
  4 endoplasms
  3 goblins (D:1)
  A hobgoblin (D:2)
  2 jackals (D:1)
  4 kobolds
  2 quokkas
  4 ball pythons
  2 frilled lizards
  5 rats
32 creatures vanquished.

Notes
Turn   | Place    | Note
-------+----------+-------------------------------------------
     0 | D:1      | meekasboy2 the Minotaur Berserker began the quest for the
                  | Orb.
     0 | D:1      | Reached XP level 1. HP: 19/19 MP: 0/0
   216 | D:1      | Reached XP level 2. HP: 23/27 MP: 1/1
   603 | D:2      | Reached XP level 3. HP: 34/34 MP: 2/2
   643 | D:2      | Reached ** piety under Trog
   761 | D:2      | HP: 1/34 [poisoned by an adder]
   762 | D:2      | Succumbed to an adder's poison

Illustrated notes

Levels and vault maps discovered:
D:1:      lightli_arrival_maybe_door_vault, layout_loops_corners,
          ebering_ecumenical_altar_abandoned
D:2:      layout_loops_cross, chequers_serial_rivers_room_b

Skill      XL: |  1  2 |
---------------+-------+-----
Fighting       | 4 |  4.4
Axes           | 4 |  4.4
Armour         | |  2.6
Dodging        | |  2.5

Action                   || total
-------------------------++-------
Melee: Hand axe          ||    71
       Headbutt          ||     8
  Use: Scroll            ||     2
Armor: Animal skin       ||    12
       Leather armour    ||     2
Dodge: Dodged            ||    50
